 Dungeon Crawl Stone Soup version 0.17-a0-469-g696e5a1 (webtiles) character file.

215 Radiman the Skirmisher (level 5, 0/46 HPs)
             Began as a Centaur Fighter on Apr 6, 2015.
             Slain by an orc
             ... wielding a +0 mace
              (3 damage)
             ... on level 4 of the Dungeon.
             The game lasted 00:13:06 (3430 turns).

Radiman the Skirmisher (Centaur Fighter)            Turns: 3430, Time: 00:13:07

Health: 0/46       AC:  6    Str: 19    XL:     5   Next: 60%
Magic:  5/5        EV:  5    Int:  7    God:
Gold:   61         SH:  8    Dex:  9    Spells: 0 memorised, 4 levels left

rFire  . . .     SeeInvis .     y - +0 flail
rCold  . . .     Clarity  .     b - +0 scale mail
rNeg   . . .     SustAb   .     c - +0 shield
rPois  .         Gourm    .     (no helmet)
rElec  .         Spirit   .     (no cloak)
rCorr  .         Warding  .     (no gloves)
rMut   .         Stasis   .     (no barding)
MR     .....                    (no amulet)
Stlth  ..........               (no ring)
                                (no ring)

@: very quick, not resistant to hostile enchantments, extremely unstealthy
A: hooves 3, deformed body, speed 2, tough skin 3
a: no special abilities


You were on level 4 of the Dungeon.
You were hungry.

You visited 2 branches of the dungeon, and saw 5 of its levels.

You collected 61 gold pieces.

Inventory:

Hand weapons
 w - a +0 blowgun
 y - a +0 flail (weapon)
Missiles
 h - 35 poisoned needles
Armour
 b - a +0 scale mail (worn)
 c - a +0 shield (worn)
Scrolls
 a - a scroll of blinking {unknown}
 i - 4 scrolls of remove curse {unknown}
 j - 4 scrolls of identify {unknown}
 k - a scroll of immolation {unknown}
 l - a scroll of enchant armour {unknown}
 n - 2 scrolls of magic mapping {unknown}
 p - 2 scrolls of enchant weapon {unknown}
 s - a scroll of teleportation {unknown}
 t - a scroll of noise {unknown}
Potions
 e - 4 potions of might
 m - a potion of haste {unknown}
 q - a potion of curing
 r - 2 potions of restore abilities {unknown}
 u - a potion of magic {unknown}
 v - a potion of cancellation {unknown}
Comestibles
 d - 5 bread rations
 f - a royal jelly
 g - a slice of pizza
 o - 3 meat rations
 x - 2 chunks of flesh


   Skills:
 + Level 4.0 Fighting
   Level 3.2 Short Blades
   Level 0.0(1.9) Long Blades
 * Level 0.1 Maces & Flails
 + Level 2.9 Armour
 + Level 3.0 Shields


You had 4 spell levels left.
You didn't know any spells.

Dungeon Overview and Level Annotations

Branches:
Dungeon (4/15)             Temple (1/1) D:4

Altars:
Ashenzari
Cheibriados
Dithmenos
Elyvilon
Gozag
Kikubaaqudgha
Okawaru
Trog
Vehumet
The Shining One


Innate Abilities, Weirdness & Mutations

You have hooves in place of feet.
Armour fits poorly on your strangely shaped body.
You cover ground very quickly.
You have extremely tough skin (AC +3).


Message History

You block the orc's attack. The orc hits you with a mace.
You see here a shield.
There is a staircase to the Ecumenical Temple here.
You barely miss the orc. You block the orc's attack.
You block the orc's attack.
The orc hits you from afar with a trident.
* * * LOW HITPOINT WARNING * * *
Your scale mail prevents you from hitting the orc.
You kick the orc, but do no damage. The orc hits you but does no damage.
The orc hits you but does no damage.
You closely miss the orc. The orc hits you with a whip.
* * * LOW HITPOINT WARNING * * *
The orc hits you from afar with a trident.
* * * LOW HITPOINT WARNING * * *
The orc hits you with a whip.
* * * LOW HITPOINT WARNING * * *
You thump the orc!
You kill the orc!
You block the orc's attack. The orc hits you with a mace.
You die...

#.[............%..<#
#..............#####
#..........รท...#
#..............#
#.......o......#
#.....>........#
#........oo..o.#
##############o# #@#
#.# #.# #.# ###


You could see 2 orcs.

Vanquished Creatures
  An orc priest (D:3)
  9 adders
  2 worms
  4 giant geckos
  9 orcs
  A bat skeleton (D:4)
  3 giant cockroaches
  8 goblins
  10 hobgoblins
  6 jackals
  5 kobolds
  A quokka (D:3)
  3 ball pythons
  10 bats
  4 giant newts
  6 rats
82 creatures vanquished.

Notes
Turn   | Place    | Note
--------------------------------------------------------------
     0 | D:1      | Radiman, the Centaur Fighter, began the quest for the Orb.
     0 | D:1      | Reached XP level 1. HP: 19/19 MP: 1/1
    98 | D:1      | Reached XP level 2. HP: 15/26 MP: 2/2
   850 | D:1      | Reached XP level 3. HP: 31/31 MP: 3/3
  1048 | D:2      | HP: 1/31 [poisoned by an adder]
  1472 | D:2      | Reached XP level 4. HP: 37/39 MP: 4/4
  2038 | D:2      | Found a snail-covered altar of Cheibriados.
  2508 | D:3      | Reached XP level 5. HP: 41/46 MP: 5/5
  2771 | D:3      | Reached skill level 4 in Fighting
  3125 | D:3      | Found a shadowy altar of Dithmenos.
  3270 | D:4      | Found a staircase to the Ecumenical Temple.
  3282 | Temple   | Entered the Ecumenical Temple
  3430 | D:4      | Slain by an orc

Action                   |  1- 3 |  4- 6 || total
-------------------------+-------+-------++-------
Melee: Rapier            |   161 |   142 ||   303
       Falchion          |       |    28 ||    28
       Flail             |       |    21 ||    21
  Use: Potion            |     1 |       ||     1
  Eat: Chunk             |     1 |     5 ||     6
